 Dungeon Crawl Stone Soup version 0.20.1-1-g8b1a95d66d (webtiles) character file.

11995 NullDivider the Covert (level 11, -2/82 HPs)
             Began as an Octopode Assassin on Nov 21, 2017.
             Was a Believer of Nemelex Xobeh.
             Slain by a five-headed hydra (17 damage)
             ... on level 1 of the Lair of Beasts.
             The game lasted 01:50:54 (17471 turns).

NullDivider the Covert (Octopode Assassin)         Turns: 17471, Time: 01:50:54

Health: -2/82      AC:  3    Str: 11    XL:     11   Next: 86%
Magic:  26/26      EV: 21    Int: 13    God:    Nemelex Xobeh [**....]
Gold:   609        SH:  0    Dex: 17    Spells: 10/10 levels left

rFire    . . .     SeeInvis .   d - +4 dagger (venom)
rCold    . . .     Gourm    .   (no shield)
rNeg     + . .     Faith    .   (helmet restricted)
rPois    .         Spirit   .   e - amulet of regeneration
rElec    .         Reflect  .   y - +3 ring of evasion
rCorr    .         Harm     .   H - ring of protection from magic
MR       +....                  j - ring of positive energy
Stlth    ++++++....             p - ring of magical power
Regen    0.7/turn               (no ring)
MPRegen  0.2/turn               (no ring)
                                (no ring)
                                (no ring)

@: no status effects
A: almost no armour, stealthy swim, amphibious, 8 rings, constrict 8, slimy
green scales 1, camouflage 1, robust 1, gelatinous body 1
a: Renounce Religion


You were on level 1 of the Lair of Beasts.
You worshipped Nemelex Xobeh.
Nemelex Xobeh was pleased with you.
You were not hungry.

You visited 3 branches of the dungeon, and saw 12 of its levels.

You collected 609 gold pieces.

Inventory:

Hand Weapons
 d - a +4 dagger of venom (weapon)
Missiles
 O - 7 needles of confusion
Armour
 L - a +0 large shield
Jewellery
 e - an amulet of regeneration (around mantle)
 j - a ring of positive energy (on tentacle)
 p - a ring of magical power (on tentacle)
 y - a +3 ring of evasion (left tentacle)
 H - a ring of protection from magic (right tentacle)
Wands
 m - a wand of confusion (16/48)
 M - a wand of polymorph (17/24)
 N - a wand of random effects (22/48)
 R - a wand of polymorph (13/24)
Scrolls
 k - a scroll of amnesia {unknown}
 n - 2 scrolls of blinking
 o - 5 scrolls of teleportation
 q - a scroll of magic mapping {unknown}
 r - 2 scrolls of remove curse {unknown}
 s - a scroll of fear {unknown}
 t - 5 scrolls of fog
 x - 2 scrolls of noise {unknown}
 C - a scroll of enchant armour {unknown}
 E - 2 scrolls of immolation {unknown}
 F - 3 scrolls of recharging
 I - a scroll of acquirement {unknown}
Potions
 a - a potion of curing
 b - a potion of might {unknown}
 h - 3 potions of heal wounds
 i - a potion of resistance {unknown}
 l - a potion of flight
 v - a potion of degeneration {unknown}
 w - a potion of ambrosia {unknown}
 z - 2 potions of haste {unknown}
 A - a potion of invisibility {unknown}
 B - a potion of brilliance {unknown}
 D - a potion of agility
 G - 2 potions of lignification {unknown}
 J - 2 potions of cancellation {unknown}
Miscellaneous
 P - a legendary deck of summoning
Comestibles
 c - 4 royal jellies
 f - 10 bread rations
 g - 4 meat rations
 u - 14 chunks of flesh
 K - 4 fruits


   Skills:
 + Level 7.1 Fighting
 + Level 7.2 Short Blades
 - Level 2.0 Throwing
 + Level 7.2 Dodging
 + Level 13.0 Stealth
 * Level 7.9 Invocations
 + Level 9.2 Evocations


You had 10 spell levels left.
You didn't know any spells.

Dungeon Overview and Level Annotations

Branches:
Dungeon (10/15)            Temple (1/1) D:6            Lair (1/6) D:8
    Orc: D:9-12

Altars:
Dithmenos
Elyvilon
Fedhas
Gozag
Hepliaklqana
Kikubaaqudgha
Nemelex Xobeh
Qazlal
Trog
Beogh

Shops:
D:4 *


Innate Abilities, Weirdness & Mutations

You cannot wear most types of armour.
You are very stealthy in the water. (Stealth+)
You are amphibious.
You can wear up to eight rings at the same time.
You can use your tentacles to constrict eight enemies at once.
Your skin changes colour to match your surroundings (Stealth+).
Your rubbery body absorbs attacks. (AC +1, EV +1)
You are partially covered in slimy green scales. (AC +2)
You are robust. (+10% HP)


Message History

The five-headed hydra misses you.
The five-headed hydra closely misses you.
The five-headed hydra bites you. The five-headed hydra bites you!
The five-headed hydra bites you! x2
* * * LOW HITPOINT WARNING * * *
The five-headed hydra completely misses you.
The five-headed hydra misses you.
The five-headed hydra closely misses you.
The five-headed hydra completely misses you.
The five-headed hydra closely misses you.
The five-headed hydra bites you!
* * * LOW HITPOINT WARNING * * *
The five-headed hydra closely misses you.
The five-headed hydra misses you.
There is a staircase back to the Dungeon here.
The five-headed hydra misses you. x2
The five-headed hydra closely misses you.
The five-headed hydra bites you!
You die...
Your body disappears without a glow.

............###.............
.............####...........
.............## #..........#
..............# ##........#
..............#####......#
..............##.###.....##.
..................##.......#
...........................#
...........≈≈≈≈.@.≈.......##
...........≈≈≈≈≈D≈≈......##
#P###.###..≈≈≈≈≈≈≈≈≈.....#
### ### ##.≈≈≈≈≈≈≈≈≈.##..#
#..≈≈≈≈≈≈≈≈.##.##
##.≈≈≈≈≈≈≈≈.##.P#
##..≈≈≈≈..)...##
##......###..# #..#P#.###..#


You could see a five-headed hydra.

Vanquished Creatures
  A deep elf mage (D:10)
  A centaur zombie (D:9)
  3 centaur skeletons
  A gargoyle (D:10)
  A hellwing (D:8)
  A meliai zombie (D:9)
  A hippogriff (D:8)
  Sigmund (D:6)
  4 hogs (D:7)
  6 yaks
  A human (D:7)
  A hungry ghost (D:10)
  2 wargs (D:8)
  8 orc warriors
  2 ice beasts
  2 eyes of draining (D:5)
  4 phantoms
  5 sky beasts
  6 ogres
  8 centaurs
  2 big kobolds
  A gnoll sergeant (D:10)
  11 bullfrogs
  3 scorpions
  A wyvern skeleton (D:9)
  8 wights
  6 crimson imps
  A hound (D:6)
  A quasit (D:8)
  2 bullfrog zombies
  A bullfrog skeleton (D:8)
  3 jellies
  8 orc priests
  11 orc wizards
  2 iguanas
  3 worker ants
  A hound zombie (D:7)
  2 worker ant zombies
  11 adders
  14 gnolls
  6 river rats (D:8)
  5 shadow imps
  4 oozes
  An adder zombie (D:4)
  A worm (D:3)
  2 dart slugs
  3 leopard geckos
  34 orcs
  4 giant cockroaches
  13 goblins
  9 hobgoblins
  8 jackals
  9 kobolds
  2 quokkas
  A ball python (D:2)
  9 bats
  4 frilled lizards
  3 quokka skeletons
  23 rats
292 creatures vanquished.

Vanquished Creatures (collateral kills)
  Erica (D:8)
  A centaur zombie (D:9)
  A hellwing (D:9)
  A hornet (D:8)
  A meliai zombie (D:9)
  A yak (D:9)
  A hungry ghost (D:9)
  2 orc warriors (D:7)
  An ice beast (D:6)
  2 centaurs (D:8)
  A hound (D:9)
  2 orc priests (D:7)
  2 orc wizards (D:7)
  2 shadow imps (D:9)
  8 orcs
  A jackal (D:9)
28 creatures vanquished.

Vanquished Creatures (others)
  2 withered plants (D:9)
2 creatures vanquished.

Grand Total: 322 creatures vanquished

Notes
Turn   | Place    | Note
-------+----------+-------------------------------------------
     0 | D:1      | NullDivider the Octopode Assassin began the quest for the Orb.
     0 | D:1      | Reached XP level 1. HP: 14/14 MP: 1/1
   120 | D:1      | Reached XP level 2. HP: 19/19 MP: 2/2
   556 | D:1      | Reached XP level 3. HP: 24/24 MP: 3/3
  1110 | D:2      | Reached skill level 6 in Stealth
  1745 | D:2      | Reached XP level 4. HP: 28/30 MP: 4/4
  2690 | D:3      | Found a shadowy altar of Dithmenos.
  2850 | D:3      | Reached skill level 7 in Stealth
  2850 | D:3      | Reached XP level 5. HP: 13/35 MP: 5/5
  3370 | D:4      | Found Puodysk's Assorted Antiques.
  3370 | D:4      | Noticed an ogre
  3380 | D:4      | Killed an ogre
  3380 | D:4      | Reached skill level 1 in Evocations
  3380 | D:4      | Reached XP level 6. HP: 20/42 MP: 6/6
  3787 | D:4      | Noticed a phantom
  3802 | D:4      | Killed a phantom
  3802 | D:4      | Reached skill level 8 in Stealth
  3802 | D:4      | Reached XP level 7. HP: 23/46 MP: 8/8
  4306 | D:5      | Entered Level 5 of the Dungeon
  4559 | D:5      | Reached skill level 9 in Stealth
  4559 | D:5      | Reached XP level 8. HP: 54/54 MP: 10/10
  5026 | D:5      | Found a bloodstained altar of Trog.
  5696 | D:6      | Reached skill level 10 in Stealth
  5994 | D:6      | Reached skill level 5 in Short Blades
  6153 | D:6      | Found a blossoming altar of Fedhas.
  6247 | D:6      | Noticed Sigmund
  6250 | D:6      | Killed Sigmund
  6250 | D:6      | Reached XP level 9. HP: 60/60 MP: 12/12
  6299 | D:6      | Found a staircase to the Ecumenical Temple.
  6338 | Temple   | Entered the Ecumenical Temple
  6347 | Temple   | Became a worshipper of Nemelex Xobeh the Trickster
  6388 | D:6      | Reached skill level 11 in Stealth
  6417 | D:6      | Reached skill level 5 in Dodging
  6438 | D:6      | Reached skill level 5 in Fighting
  6438 | D:6      | Reached skill level 1 in Invocations
  6629 | D:6      | Received a gift from Nemelex Xobeh
  6669 | D:6      | Reached skill level 5 in Evocations
  7065 | D:7      | Found a transporter.
  8007 | D:7      | Reached XP level 10. HP: 43/66 MP: 14/14
  8732 | D:7      | Reached * piety under Nemelex Xobeh
  8922 | D:7      | Found a roughly hewn altar of Beogh.
  8926 | D:7      | Found a transporter.
  9342 | D:8      | Found a staircase to the Lair.
  9697 | D:8      | Received a gift from Nemelex Xobeh
 10161 | D:8      | Noticed Erica
 10241 | D:7      | Reached skill level 5 in Invocations
 10991 | D:8      | Received a gift from Nemelex Xobeh
 11029 | D:8      | Reached skill level 12 in Stealth
 11133 | D:8      | Killed Erica
 11766 | D:9      | Reached XP level 11. HP: 19/73 MP: 17/17
 12097 | D:9      | HP: 3/74 [hellwing (7)]
 12739 | D:8      | HP: 2/74 [chaos spawn[the player character] (6)]
 14168 | D:9      | Paralysed by a hornet for 2 turns
 14173 | D:9      | HP: 3/74 [hornet (17)]
 14616 | D:9      | Reached ** piety under Nemelex Xobeh
 15410 | D:9      | Gained mutation: You are robust. (+10% HP) [mutagenic meat]
 15472 | D:9      | Gained mutation: You are partially covered in slimy green scales. (AC +2) [mutagenic meat]
 15921 | D:10     | Entered Level 10 of the Dungeon
 16244 | D:10     | Noticed a deep elf mage
 16250 | D:10     | Killed a deep elf mage
 16906 | D:10     | Received a gift from Nemelex Xobeh
 17239 | Lair:1   | Entered Level 1 of the Lair of Beasts
 17265 | Lair:1   | Reached skill level 13 in Stealth
 17420 | Lair:1   | Noticed a five-headed hydra
 17471 | Lair:1   | Slain by a five-headed hydra

Skill      XL: |  1  2  3  4  5  6  7  8  9 10 11 |
---------------+----------------------------------+-----
Stealth        | 6 7 8 9 10 11 12 13 | 13.0
Dodging        | 2 3 4 5 6 7 |  7.2
Short Blades   | 3 4 5 6 7 |  7.2
Fighting       | 3 4 5 6 7 |  7.1
Evocations     | 1 2 3 4 6 8 9 |  9.2
Invocations    | 3 6 7 |  7.9
Throwing       | |  2.0

Action                   |  1- 3 |  4- 6 |  7- 9 | 10-12 || total
-------------------------+-------+-------+-------+-------++-------
Melee: Dagger            |    69 |    32 |       |   472 ||   573
       Constrict         |    17 |    14 |    47 |    73 ||   151
       Tentacles         |     6 |    11 |    51 |   151 ||   219
       Short sword       |       |    43 |   229 |    85 ||   357
Evoke: Wand              |       |       |     5 |       ||     5
       Deck              |       |       |       |    19 ||    19
  Use: Scroll            |     1 |       |     6 |     8 ||    15
       Potion            |       |       |       |     6 ||     6
 Stab: Sleeping          |    14 |    20 |    28 |    13 ||    75
       Distracted        |       |       |     1 |     8 ||     9
  Eat: Chunk             |     2 |     7 |    11 |    26 ||    46
       Fruit             |       |       |     2 |     1 ||     3
       Royal jelly       |       |       |       |     4 ||     4
Armor: Skin              |     6 |     4 |     5 |    16 ||    31
Dodge: Dodged            |    30 |    19 |   123 |   438 ||   610
